 Dungeon Crawl Stone Soup version 0.30.0-29-ga12c61a403 (webtiles) character file.

Game seed: 1287696023862569324

1631 safid the Frost Mage (level 8, -10/65 HPs)
             Began as a Merfolk Ice Elementalist on June 22, 2023.
             Mangled by an orc warlord
             ... wielding a +5 battleaxe
              (20 damage)
             ... in a bailey.
             The game lasted 00:12:19 (6002 turns).

safid the Frost Mage (Merfolk Ice Elementalist)     Turns: 6002, Time: 00:12:19

Health: -10/65     AC: 12    Str:  6    XL:     8   Next: 98%
Magic:  3/17       EV: 13    Int: 21    God:
Gold:   380        SH:  0    Dex: 17    Spells: 10/19 levels left

rFire   + . .        u - +9 quarterstaff of the Dwarven Hall {flame, Str-2 Int+4 Dex+3}
rCold   . . .        (shield currently unavailable)
rNeg    . . .        a - +0 robe
rPois   .            y - +0 helmet
rElec   .            (no cloak)
rCorr   .            r - +0 pair of gloves
SInv    .            (no boots)
Will    .....        (no amulet)
Stlth   ++           t - ring of protection from fire
HPRegen 0.30/turn    (no ring)
MPRegen 0.15/turn

%: no passive effects
@: ice-armoured, freezing walls
A: (nimble swimmer 2), mertail
a: no special abilities


You were in a bailey.
You visited 1 branch of the dungeon, and saw 7 of its levels.
You also visited: Bailey.

You collected 380 gold pieces.

Inventory:

Hand Weapons
 u - the +9 quarterstaff of the Dwarven Hall (weapon) {flame, Str-2 Int+4 Dex+3}
   (You found it on level 4 of the Dungeon)

   Str:       It affects your strength (-2).
   Int:       It affects your intelligence (+4).
   Dex:       It affects your dexterity (+3).
Missiles
 j - a throwing net
Armour
 a - a +0 robe (worn)
 r - a +0 pair of gloves (worn)
 y - a +0 helmet (worn)
Magical Staves
 v - a staff of cold
Jewellery
 t - a ring of protection from fire (left hand)
Wands
 e - a wand of flame (23)
 i - a wand of paralysis (10)
 n - a wand of digging (7)
 o - a wand of iceblast (14)
Scrolls
 f - a scroll of immolation {unknown}
 h - 3 scrolls of teleportation
 l - 2 scrolls of brand weapon
 m - 4 scrolls of enchant weapon
 p - 3 scrolls of amnesia
 w - a scroll of blinking {unknown}
 B - a scroll of summoning {unknown}
Potions
 b - 2 potions of magic
 c - a potion of brilliance {unknown}
 d - 3 potions of curing
 g - a potion of ambrosia {unknown}
 q - a potion of flight {unknown}
 s - a potion of degeneration {unknown}
 x - 2 potions of might {unknown}
 z - 2 potions of attraction {unknown}
 A - 2 potions of cancellation {unknown}


   Skills:
 + Level 6.8 Fighting
 - Level 2.6 Dodging
 - Level 2.1 Stealth
 + Level 6.1 Spellcasting
 + Level 8.2 Ice Magic


You had 10 spell levels left.
You knew the following spells:

 Your Spells              Type           Power      Damage    Failure   Level
a - Freeze                Ice            100%       1d10      1%          1
b - Frozen Ramparts       Ice            82%        1d13      1%          3
c - Ozocubu's Armour      Ice            41%        N/A       1%          3
d - Blink                 Tloc           12%        N/A       14%         2

Your spell library contained the following spells:

 Spells                   Type           Power      Damage    Failure   Level
 Sting                    Tmut/Pois      24%        1d4       10%         1
 Lesser Beckoning         Tloc           12%        N/A       14%         2
 Momentum Strike          Conj/Tloc      12%        3d8       14%         2
 Poisonous Vapours        Pois/Air       12%        N/A       14%         2
 Summon Ice Beast         Ice/Summ       23%        N/A       17%         4
 Olgreb's Toxic Radiance  Pois           6%         N/A       67%         4


Dungeon Overview and Level Annotations

Branches:
Dungeon (7/15)             Temple (0/1) D:7          Bailey (1/1)

Altars:
Fedhas
Sif Muna
Wu Jian
Xom
The Shining One

Annotations:
D:5 1 runed translucent door, viagra's ghost, novice HuBe


Innate Abilities, Weirdness & Mutations

((You are very nimble when in or above water. (Stealth+, EV+, Speed+++)))
Your lower body shifts to a powerful aquatic tail in water.


Message History

Aim: an orc warlord, wielding a +5 battleaxe and wearing a +0 chain mail (moderately wounded)
You freeze the orc warlord!
The orc warlord is moderately wounded.
The wall freezes the orc warlord but does no damage.
The orc warlord hits you with a +5 battleaxe!!
Casting: Freeze (safe; 1% risk of failure)
Confirm with . or Enter, or press ? or * to list all spells.
Aiming: Freeze (safe; 1% risk of failure)
Press: ? - help, Shift-Dir - straight line, f/p - orc warlord
Aim: an orc warlord, wielding a +5 battleaxe and wearing a +0 chain mail (moderately wounded)
You freeze the orc warlord.
The orc warlord is moderately wounded.
The wall freezes the orc warlord.
The orc warlord hits you with a +5 battleaxe!
* * * LOW HITPOINT WARNING * * *
Okay, then.
Casting: Freeze (safe; 1% risk of failure)
Confirm with . or Enter, or press ? or * to list all spells.
Aiming: Freeze (safe; 1% risk of failure)
Press: ? - help, Shift-Dir - straight line, f/p - orc warlord
Aim: an orc warlord, wielding a +5 battleaxe and wearing a +0 chain mail (moderately wounded)
You freeze the orc warlord.
The orc warlord is heavily wounded.
The wall freezes the orc warlord.
The orc warlord misses you.
Casting: Freeze (safe; 1% risk of failure)
Confirm with . or Enter, or press ? or * to list all spells.
Aiming: Freeze (safe; 1% risk of failure)
Press: ? - help, Shift-Dir - straight line, f/p - orc warlord
Aim: an orc warlord, wielding a +5 battleaxe and wearing a +0 chain mail (heavily wounded)
You freeze the orc warlord.
The orc warlord is heavily wounded.
The wall freezes the orc warlord but does no damage.
The orc warlord hits you with a +5 battleaxe.
* * * LOW HITPOINT WARNING * * *
As you read the scroll labelled UCLIOT USYPH, it crumbles to dust.
You assume a fearsome visage.
The orc warlord looks frightened!
It was a scroll of fear.
The wall freezes the orc warlord!
Your attack snaps the orc warlord out of its fear.
The orc warlord hits you with a +5 battleaxe!!
You die...

#...8......#########(..
##......####~~~#~~~##..
##.....#~~#~.....=~#..
##....#~........!~#..
#...##~8.8...8.8##..
#...'~~.........#...
#...'~~....∩....#...
#)))o~~.........#...
#(.@##~8.8...8.8##..
##(...#~........?~#..
##.....#~~#~.....[~#..
##......####~~~#~~~##..
#...8......#########...
#..........))(...'....8
#..........#~~~~~#.....
##..8..8...#~~~~~#.....
##.......##~~~~~##...8


You could see an orc warlord.

Vanquished Creatures
  3 orc warriors (Bailey)
  2 ice beasts
  3 phantoms
  A bullfrog (D:6)
  2 scorpions
  6 wights (D:7)
  A howler monkey (D:4)
  An orc priest (D:3)
  A gnoll bouda (D:6)
  An iguana (D:5)
  An orc wizard (D:6)
  4 adders
  11 gnolls
  A shadow imp (D:4)
  An ufetubus (D:7)
  11 orcs
  8 ball pythons
  3 bats
  2 endoplasms
  5 giant cockroaches
  11 goblins
  13 hobgoblins
  3 jackals (D:2)
  59 kobolds
  2 quokkas
  5 frilled lizards
  6 rats
167 creatures vanquished.

Notes
Turn   | Place    | Note
-------+----------+-------------------------------------------
     0 | D:1      | safid the Merfolk Ice Elementalist began the quest for the
                  | Orb.
     0 | D:1      | Reached XP level 1. HP: 13/13 MP: 3/3
   337 | D:1      | Reached XP level 2. HP: 20/20 MP: 3/5
   446 | D:1      | Reached skill level 1 in Fighting
   898 | D:2      | Reached XP level 3. HP: 15/26 MP: 3/6
   953 | D:2      | Learned a level 3 spell: Frozen Ramparts
   979 | D:2      | Found a shimmering altar of Xom.
  1933 | D:3      | Found a glowing golden altar of the Shining One.
  2098 | D:3      | Found a blossoming altar of Fedhas.
  2118 | D:3      | Reached skill level 5 in Ice Magic
  2290 | D:3      | Reached XP level 4. HP: 33/33 MP: 4/8
  2297 | D:3      | Learned a level 3 spell: Ozocubu's Armour
  2479 | D:4      | Noticed a phantom
  2644 | D:4      | Killed a phantom
  2645 | D:4      | Reached XP level 5. HP: 39/41 MP: 3/10
  2958 | D:4      | Identified the +9 quarterstaff of the Dwarven Hall {flame,
                  | Str-2 Int+4 Dex+3}
  3086 | D:5      | Entered Level 5 of the Dungeon
  3116 | D:5      | Reached XP level 6. HP: 47/47 MP: 11/11
  3591 | D:5      | Reached skill level 6 in Ice Magic
  3758 | D:5      | Reached XP level 7. HP: 54/54 MP: 6/13
  4069 | D:5      | Found a runed translucent door.
  4070 | D:5      | Noticed viagra's ghost (novice HuBe)
  4376 | D:5      | Learned a level 2 spell: Blink
  4618 | D:6      | Reached skill level 5 in Fighting
  4710 | D:6      | Found a shimmering blue altar of Sif Muna.
  4820 | D:6      | Reached skill level 7 in Ice Magic
  4889 | D:6      | Reached skill level 5 in Spellcasting
  4889 | D:6      | Reached XP level 8. HP: 62/62 MP: 9/15
  5180 | D:6      | Found an ornate altar of the Wu Jian Council.
  5502 | D:7      | Found a flagged portal.
  5545 | Bailey   | Entered a bailey
  5593 | Bailey   | Noticed an orc warlord
  5593 | Bailey   | Found the ring of the Octopus King
  5686 | Bailey   | Reached skill level 8 in Ice Magic
  5726 | Bailey   | Found a runed translucent gate.
  5729 | Bailey   | Found a runed translucent gate.
  5731 | Bailey   | Found a runed translucent gate.
  6002 | Bailey   | Mangled by an orc warlord

Illustrated notes

Levels and vault maps discovered:
D:1:      heliophobic_arrival_henge, layout_basic, st_stairs_12, fountainhead
D:2:      layout_basic, basic_altar, small_statue_intersection
D:3:      layout_basic, fedhas_altar_1, mainiacjoe_overflow_boulevard,
          kennysheep_generic_room_7
D:4:      layout_cave_pools
D:5:      minmay_goblin_kobold_castle, layout_rooms,
          ebering_ghost_reflecting_pool
D:6:      layout_loops_ring, nicolae_wu_jian_glorious_leap,
          mainiacjoe_overflow_alcove_4
D:7:      layout_cave_pools, minmay_temple_entry_hall, enter_bailey_8
Bailey:   bailey_axe_bossmonster_kennysheep, bailey

Skill      XL: |  1  2  3  4  5  6  7  8 |
---------------+-------------------------+-----
Fighting       | 1 2 3 4 5 6 |  6.8
Ice Magic      | 5 6 7 8 |  8.2
Spellcasting   | 3 4 5 6 |  6.1
Dodging        | |  2.6
Stealth        | |  2.1

Action                     |  1- 3 |  4- 6 |  7- 9 || total
---------------------------+-------+-------+-------++-------
  Melee: Dagger            |   100 |    32 |       ||   132
         Unarmed           |     1 |       |       ||     1
         Short sword       |       |    14 |       ||    14
         Quarterstaff      |       |    30 |    76 ||   106
   Cast: Freeze            |    39 |     2 |     7 ||    48
         Frozen Ramparts   |     2 |    12 |    15 ||    29
         Ozocubu's Armour  |       |     7 |    11 ||    18
    Use: Scroll            |       |       |    11 ||    11
         Potion            |       |       |     4 ||     4
   Stab: Sleeping          |     6 |     2 |     1 ||     9
 Armour: Robe              |    24 |    24 |    26 ||    74
  Dodge: Dodged            |    85 |    67 |    81 ||   233
